 Dungeon Crawl Stone Soup version 0.31-a0-986-g5e6e4ef867 (webtiles) character file.

Game seed: 13184008490545651440

7 dialectric the Sneak (level 1, 0/10 HPs)
             Began as a Felid Delver on Nov 19, 2023.
             Slain by an ufetubus (1 damage)
             ... on level 4 of the Dungeon.
             The game lasted 00:00:24 (170 turns).

dialectric the Sneak (Felid Delver)                  Turns: 170, Time: 00:00:25

Health: 0/10       AC:  1    Str:  8    XL:     1   Next: 83%
Magic:  2/2        EV: 17    Int: 11    God:
Gold:   63         SH:  0    Dex: 17    Spells: 0/0 levels left
                                        Lives:  0   Deaths: 1

rFire   . .          .
                       - Unarmed
rCold   . . .        (shield unavailable)
rNeg    . . .        (body armour unavailable)
rPois   .            (helmet unavailable)
rElec   .            (cloak unavailable)
rCorr   .            (gloves unavailable)
SInv    +            (boots unavailable)
Will    .....        (no amulet)
Stlth   ++++         (no ring)
HPRegen 0.21/turn    (no ring)
MPRegen 0.08/turn

%: no passive effects
@: quick
A: very small, claws 1, fangs 3, see invisible, speed 1, shaggy fur 1, stealthy
paws, no weapons or thrown items, no armour, multi-lived
a: no special abilities


You were on level 4 of the Dungeon.
You visited 1 branch of the dungeon, and saw 2 of its levels.

You collected 63 gold pieces.

Inventory:

Wands
 e - a wand of digging (3)
Scrolls
 a - a scroll of fog
 b - a scroll of revelation
 c - a scroll of fear
Potions
 d - a potion of haste


   Skills:
 - Level 3.0 Fighting
 + Level 2.7 Dodging
 * Level 7.1 Stealth
 + Level 2.0 Unarmed Combat


You couldn't memorise any spells.
You didn't know any spells.
Your spell library was empty.

Dungeon Overview and Level Annotations

Branches:
Dungeon (5/15)
 Temple: D:4-7

Altars:


Innate Abilities, Weirdness & Mutations

You have sharp claws.
You have razor-sharp teeth.
You have supernaturally acute eyesight. (SInv)
You cover ground quickly. (Speed+)
You are covered in fur. (AC +1)
Your paws help you pounce on unaware monsters.
You are incapable of wielding weapons or throwing items.
You cannot wear armour.
You gain extra lives every three experience levels.


Message History

The ball python barely misses you. The ball python closely misses you.
You scratch the ball python.
You kill the ball python!
You see here a ball python corpse.
HP restored.
You see here a ball python corpse.
You see here 4 stones.
An ufetubus comes into view.
An ufetubus and a kobold come into view.
Found a stone staircase leading down.
There are monsters nearby!
There are monsters nearby!
Found a stone staircase leading up.
There are monsters nearby!
The ufetubus shouts! x2
You scratch the ufetubus.
The ufetubus is severely wounded.
The ufetubus misses you. x2; The ufetubus closely misses you.
The ufetubus misses you.
You scratch the ufetubus but do no damage.
The ufetubus is severely wounded.
The ufetubus hits you. x2; The ufetubus slips past you!
The ufetubus misses you. The ufetubus barely misses you.
The ufetubus slips past you! The ufetubus hits you.
The ufetubus barely misses you.
You barely miss the ufetubus.
The ufetubus is severely wounded.
The ufetubus barely misses you. x3; The ufetubus closely misses you. x2
The ufetubus misses you.
You scratch the ufetubus.
The ufetubus is almost dead.
The ufetubus hits you. x2
* * * LOW HITPOINT WARNING * * *
The kobold hits you but does no damage. The ufetubus barely misses you.
The ufetubus hits you.
* * * LOW HITPOINT WARNING * * *
The ufetubus barely misses you. x2
You barely miss the kobold. The ufetubus misses you.
The ufetubus barely misses you. The kobold completely misses you.
The ufetubus closely misses you. The ufetubus hits you.
You die...

..........###........
...............#...).#..
......##................
..<........#..)........#
.......#..##............
.......#.............>..
......................#.
.......5.......#.....##.
......K@5...##.#...### .
.##..........#.....#
#............##...
......#.###.##.....
......... .......
#......># ....##
......... .....
...###.#. ...


You could see 2 ufetubi and a kobold.

Vanquished Creatures
  A dart slug (D:4)
  2 endoplasms (D:4)
  A ball python (D:4)
  A kobold (D:4)
5 creatures vanquished.

Notes
Turn   | Place    | Note
-------+----------+-------------------------------------------
     0 | D:5      | dialectric the Felid Delver began the quest for the Orb.
     0 | D:5      | Reached XP level 1. HP: 10/10 MP: 2/2
    69 | D:4      | Noticed a sleepcap
    86 | D:4      | Slain by a sleepcap
   100 | D:4      | Reached skill level 7 in Stealth
   170 | D:4      | Slain by an ufetubus

Illustrated notes

Levels and vault maps discovered:
D:4:      layout_cave_pools
D:5:      kennysheep_six_static_rooms, layout_basic, serial_shops, shop,
          portal_sewer_entry_d, minmay_door_square, minmay_manual_mandibuliform

Skill      XL: |  1 |
---------------+----+-----
Stealth        | 7 |  7.1
Fighting       | |  3.0
Dodging        | |  2.7
Unarmed Combat | |  2.0

Action                     || total
---------------------------++-------
  Melee: Unarmed           ||    28
         Bite              ||     2
         Punch             ||     1
   Stab: Sleeping          ||     3
 Armour: Skin              ||    17
  Dodge: Dodged            ||    33

Table legend: (Time is in decaauts)
 A = Elapsed time spent in this place.
 B = Non-inter-level travel time spent in this place.
 C = Inter-level travel time spent in this place.
 D = Time resting spent in this place.
 E = Time spent auto-exploring this place.
 F = Levels seen in this place.
 G = Mean time per level.
                   A        B        C        D        E       F      G
               +--------+--------+--------+--------+--------+-----+--------+
         Total |    148 |    148 |      0 |      0 |     80 |   2 |   74.0 |
       Dungeon |    148 |    148 |      0 |      0 |     80 |   2 |   74.0 |
               +--------+--------+--------+--------+--------+-----+--------+

Top non-repeatable levels by time:
     D:4: 119 daAuts
     D:5: 28 daAuts
